 Dungeon Crawl Stone Soup version 0.26.0-57-g60708a5e39 (webtiles) character file.

Game seed: 1638654743551944347

291 swilekon the Ducker (level 6, -5/44 HPs)
             Began as an Octopode Monk on Feb 1, 2021.
             Slain by Edmund
             ... wielding a +6 flail of protection
              (10 damage)
             ... on level 4 of the Dungeon.
             The game lasted 00:08:02 (2433 turns).

swilekon the Ducker (Octopode Monk)                 Turns: 2433, Time: 00:08:02

Health: -5/44      AC:  1    Str: 11    XL:     6   Next: 32%
Magic:  6/6        EV: 20    Int: 13    God:
Gold:   149        SH:  0    Dex: 21    Spells: 5/5 levels left

rFire    x . .     SeeInvis .   r - +0 broad axe
rCold    + . .     Faith    .   (no shield)
rNeg     . . .     Spirit   .   (helmet restricted)
rPois    .         Reflect  .   b - amulet of regeneration
rElec    .         Harm     .   e - ring of ice
rCorr    .         Rampage  .   l - ring of wizardry
Will     .....                  o - +6 ring of dexterity
Stlth    ++++......             q - +4 ring of evasion
HPRegen  0.54/turn              (no ring)
MPRegen  0.10/turn              (no ring)
                                (no ring)
                                (no ring)

@: brilliant, hasted, very quick
A: almost no armour, stealthy swim, amphibious, 8 rings, constrict 8, camouflage
1, gelatinous body 1
a: no special abilities


You were on level 4 of the Dungeon.
You visited 1 branch of the dungeon, and saw 4 of its levels.

You collected 149 gold pieces.

Inventory:

Hand Weapons
 r - a +0 broad axe (weapon)
Jewellery
 b - an amulet of regeneration (around mantle)
 e - a ring of ice (left tentacle)
 l - a ring of wizardry (right tentacle)
 o - a +6 ring of dexterity (on tentacle)
 q - a +4 ring of evasion (on tentacle)
Scrolls
 c - a scroll of amnesia {unknown}
 d - a scroll of blinking {unknown}
 f - 4 scrolls of identify {unknown}
 h - 8 scrolls of remove curse {unknown}
 i - a scroll of enchant weapon {unknown}
 j - a scroll of enchant armour {unknown}
 s - a scroll of fear {unknown}
Potions
 g - a potion of curing
 k - a potion of brilliance
 m - a potion of berserk rage {unknown}
 n - a potion of magic
 p - a potion of heal wounds {unknown}


   Skills:
 + Level 4.6 Fighting
 + Level 4.6 Axes
 + Level 4.6 Dodging
 - Level 2.6 Stealth


You had 5 spell levels left.
You didn't know any spells.
Your spell library contained the following spells:

 Spells                   Type           Power        Failure   Level
 Animate Skeleton         Necr           0%           12%         1
 Apportation              Tloc           0%           12%         1
 Corona                   Hex            0%           12%         1
 Summon Small Mammal      Summ           0%           12%         1
 Irradiate                Conj/Tmut      0%           96%         5
 Hydra Form               Tmut           0%           100%        6
 Statue Form              Tmut/Erth      0%           100%        6
 Dragon Form              Tmut           0%           100%        7


Dungeon Overview and Level Annotations

Branches:
Dungeon (4/15)
 Temple: D:4-7

Altars:
Ashenzari

Shops:
D:4 (

Annotations:
D:4 Dowan, Duvessa, Edmund


Innate Abilities, Weirdness & Mutations

You cannot wear most types of armour.
You are very stealthy in the water. (Stealth+)
You are amphibious.
You can wear up to eight rings at the same time.
You can use your tentacles to constrict eight enemies at once.
Your skin changes colour to match your surroundings (Stealth+).
Your rubbery body absorbs attacks. (AC +1, EV +1)


Message History

* * * LOW HITPOINT WARNING * * *
It was a potion of magic.
Magic courses through your body.
You constrict Edmund. Edmund completely misses you.
It was a potion of brilliance.
You feel clever all of a sudden.
You constrict Edmund. You slash Edmund!
Edmund is severely wounded.
You constrict Edmund, but do no damage. Edmund completely misses you.
You hit Edmund but do no damage.
Edmund is severely wounded.
You constrict Edmund. Edmund barely misses you.
You hit Edmund but do no damage.
Edmund is severely wounded.
You constrict Edmund. You slash Edmund!
Edmund is almost dead.
You constrict Edmund, but do no damage.
Edmund hits you with a +6 flail of protection!
You die...

... ....................
.#### ..............#.....
....##..............#.....
..............##..$##..!..
.e.#...........##.........
........#......###....#.#
........#...##........##
..... ....>#............ .
.... ........@......... ..
... ......@..#..##... ...
.. ........###.....# ..##
# .###....# .... # #.#
#####. ..... # ..#.


You could see Edmund.

Vanquished Creatures
  An orc priest (D:4)
  An iguana (D:4)
  Natasha (thrice) (D:2 D:1)
  A worker ant (D:3)
  An orc wizard (D:3)
  4 gnolls
  4 adders
  A dart slug (D:1)
  A leopard gecko (D:3)
  An orc (D:3)
  3 giant cockroaches
  3 goblins (D:3)
  5 hobgoblins
  4 bats
  A frilled lizard (D:4)
  4 kobolds
  7 rats
45 creatures vanquished.

Notes
Turn   | Place    | Note
-------+----------+-------------------------------------------
     0 | D:1      | swilekon the Octopode Monk began the quest for the Orb.
     0 | D:1      | Reached XP level 1. HP: 16/16 MP: 1/1
   264 | D:1      | Reached XP level 2. HP: 21/21 MP: 2/2
   615 | D:2      | Reached XP level 3. HP: 22/26 MP: 3/3
   800 | D:2      | Noticed Natasha
   806 | D:2      | Killed Natasha
   859 | D:2      | Noticed Natasha
   865 | D:2      | Killed Natasha
   866 | D:2      | Reached XP level 4. HP: 21/33 MP: 4/4
   880 | D:2      | Noticed Natasha
   936 | D:1      | Killed Natasha
  1143 | D:2      | Reached XP level 5. HP: 37/37 MP: 5/5
  2158 | D:4      | Found Oniexke's Weapon Boutique.
  2166 | D:4      | Noticed Duvessa
  2166 | D:4      | Noticed Dowan
  2255 | D:4      | Found a broken altar of Ashenzari.
  2267 | D:3      | Reached XP level 6. HP: 15/44 MP: 6/6
  2413 | D:4      | Noticed Edmund
  2427 | D:4      | HP: 2/44 [Edmund/+6 flail of protection (8)]
  2433 | D:4      | Slain by Edmund

Illustrated notes

Levels and vault maps discovered:
D:1:      amcnicky_arrival_gap_in_the_tavern_cellar, layout_loops_ring
D:2:      layout_loops_ring, minivault_27, grunt_ministairs_12,
          amcnicky_mini_rare_corridor_liquid, uniq_natasha
D:3:      layout_basic
D:4:      layout_cave_pools, gammafunk_temple_overflow_wave, serial_shops, shop,
          kennysheep_little_box, ashenzari_altar_1, uniq_duvessa, uniq_edmund,
          uniq_blork_the_orc

Skill      XL: |  1  2  3  4 |
---------------+-------------+-----
Axes           | 4 |  4.6
Dodging        | 4 |  4.6
Fighting       | 4 |  4.6
Stealth        | |  2.6

Action                   |  1- 3 |  4- 6 || total
-------------------------+-------+-------++-------
Melee: Hand axe          |    38 |    36 ||    74
       Constrict         |    13 |    16 ||    29
       Tentacles         |     4 |    18 ||    22
       Broad axe         |       |    35 ||    35
  Use: Potion            |       |     4 ||     4
 Stab: Sleeping          |     9 |     7 ||    16
Armor: Skin              |     1 |     6 ||     7
Dodge: Dodged            |    27 |    55 ||    82
